[Event "Titled Tuesday Blitz November 14 Early 2023"]
[White "Cristi_Coca"]
[Black "Adla, Diego"]
[BlackFideId "100072"]
[WhiteElo "2511"]
[BlackElo "2637"]
[Result "0-1"]
[Round "6"]
[TimeControl "180+1"]
[Date "2023.11.14"]
[WhiteClock "0:01:39"]
[BlackClock "0:01:19"]
[Board "102"]

1. e4 e5 2. Nf3 Nc6 3. Bc4 Nf6 4. d3 Bc5 5. c3 O-O 6. O-O d6 7. h3 a5 8. Bb3 h6 9. Re1 Be6 10. Bc2 d5 11. exd5 Qxd5 12. Nxe5 Nxe5 13. d4 Bxh3 14. f3 Bb6 15. Rxe5 Qxe5 0-1


[Site "https://www.chess.com"]

[Event "Titled Tuesday Blitz November 14 Early 2023"]
[White "Chernomordik, Pavel"]
[Black "Larino Nieto, David"]
[WhiteFideId "2804530"]
[BlackFideId "2256444"]
[WhiteElo "2510"]
[BlackElo "2622"]
[Result "1-0"]
[Round "6"]
[TimeControl "180+1"]
[Date "2023.11.14"]
[WhiteClock "0:00:19"]
[BlackClock "0:00:02"]
[Board "103"]

1. e4 a6 2. d4 b6 3. c4 c6 4. f4 d6 5. Nf3 e6 6. Bd3 Ra7 7. O-O f6 8. Nc3 g6 9. Re1 Rg7 10. Be3 h6 11. Qb3 g5 12. f5 Rb7 13. e5 exf5 14. exf6 Kf7 15. c5+ Be6 16. d5 cxd5 17. Qc2 Nxf6 18. Bxg5 Rg8 19. Bh4 bxc5 20. Bxf5 Bxf5 21. Qxf5 Rxb2 22. Qe6+ Kg7 23. Nxd5 Nbd7 24. Re4 Kh7 25. Bxf6 Rgxg2+ 26. Kh1 Qa8 27. Qf7+ Bg7 28. Re7 Nxf6 29. Nxf6+ Kh8 30. Re8+ Qxe8 31. Qxe8+ Bf8 32. Qxf8+ Rg8 33. Qxg8# 1-0


[Site "https://www.chess.com"]

[Event "Titled Tuesday Blitz November 14 Early 2023"]
[White "Shuvalov, Evgenij"]
[Black "Stark, Lars"]
[WhiteFideId "4187237"]
[BlackFideId "4676386"]
[WhiteElo "2501"]
[BlackElo "2617"]
[Result "0-1"]
[Round "6"]
[TimeControl "180+1"]
[Date "2023.11.14"]
[WhiteClock "0:00:00"]
[BlackClock "0:01:08"]
[Board "104"]

1. d4 Nf6 2. c4 e6 3. Nc3 Bb4 4. e3 b6 5. Ne2 Bb7 6. a3 Be7 7. Ng3 O-O 8. f3 c5 9. d5 exd5 10. cxd5 Re8 11. e4 d6 12. Be2 Nbd7 13. O-O a6 14. a4 Rc8 15. b3 Bf8 16. Bb2 g6 17. Qd2 Bg7 18. Rfc1 Qe7 19. Nf1 h5 20. Ne3 Ne5 21. Nc4 Nxc4 22. bxc4 Nd7 23. Nd1 Rb8 24. Bd3 Bc8 25. Rcb1 Ne5 26. Bf1 Bd7 27. Nf2 b5 28. axb5 axb5 29. cxb5 Bxb5 30. f4 Bxf1 31. fxe5 Rxb2 32. Rxb2 Qxe5 33. Rab1 Ba6 34. Rb8 Rxb8 35. Rxb8+ Kh7 36. Rb1 Bh6 37. Qa5 Be2 38. Qa1 Qf4 39. Qb2 Ba6 40. Qa1 Bc4 41. Qc3 Be2 42. Re1 Ba6 43. Qf3 c4 44. Qxf4 Bxf4 45. Nd1 Bd2 46. Rf1 Kg7 47. Rf3 g5 48. Ra3 Bc8 49. Nc3 Be3+ 50. Kf1 Bg4 51. h3 Bd7 52. Ke2 Bc5 53. Ra6 Kf6 54. Kd2 Ke5 55. Ra8 Bb4 56. Rf8 Kd4 57. Rxf7 Bxc3+ 58. Kc2 Ba4+ 59. Kc1 Bb4 60. e5 Kxe5 61. Rg7 Kf4 0-1


[Site "https://www.chess.com"]

[Event "Titled Tuesday Blitz November 14 Early 2023"]
[White "Ezat, Mohamed"]
[Black "Kanyamarala, Tarun"]
[WhiteFideId "10600906"]
[BlackFideId "45004714"]
[WhiteElo "2606"]
[BlackElo "2492"]
[Result "0-1"]
[Round "6"]
[TimeControl "180+1"]
[Date "2023.11.14"]
[WhiteClock "0:00:28"]
[BlackClock "0:00:37"]
[Board "105"]

1. d4 f5 2. e4 fxe4 3. Nc3 Nf6 4. Bg5 g6 5. h4 Bg7 6. h5 O-O 7. hxg6 hxg6 8. Bc4+ e6 9. Nxe4 d5 10. Nxf6+ Bxf6 11. Qd3 Qe7 12. Qxg6+ Qg7 13. Qxg7+ Bxg7 14. Bd3 Bxd4 15. O-O-O Bf6 16. Bh6 Bg7 17. Bxg7 Kxg7 18. Rh7+ Kf6 19. Rxc7 Nc6 20. f4 Rg8 21. Rd2 Nb4 22. Nf3 Rg7 23. Rxg7 Kxg7 24. g4 Nxa2+ 25. Kb1 Nb4 26. Ne5 b6 27. Rh2 Nxd3 28. cxd3 Ba6 29. Rh5 Rf8 30. Rg5+ Kh7 31. Rg6 Bxd3+ 32. Nxd3 Kxg6 33. Ne5+ Kg7 34. Nd3 Rh8 35. g5 Kg6 36. Kc2 Kf5 37. Kc3 Rc8+ 38. Kd4 Rc4+ 39. Ke3 d4+ 40. Kf3 Rc2 41. Nb4 Rxb2 42. Nc6 Rb3+ 43. Kf2 Kxf4 44. Nxd4 Rb2+ 45. Ke1 e5 46. Ne6+ Kf5 47. Nc7 Kxg5 0-1


[Site "https://www.chess.com"]

[Event "Titled Tuesday Blitz November 14 Early 2023"]
[White "Domingo Nunez, Alejandro"]
[Black "Janaszak, Dawid"]
[WhiteFideId "22245561"]
[BlackFideId "1119206"]
[WhiteElo "2480"]
[BlackElo "2603"]
[Result "0-1"]
[Round "6"]
[TimeControl "180+1"]
[Date "2023.11.14"]
[WhiteClock "0:00:00"]
[BlackClock "0:00:15"]
[Board "106"]

1. Nf3 g6 2. e4 c5 3. d4 cxd4 4. c3 d3 5. Bxd3 Bg7 6. c4 Nc6 7. h3 d6 8. O-O Nf6 9. Nc3 O-O 10. Be3 b6 11. Rc1 Bb7 12. b3 Nd7 13. Bb1 Nc5 14. Qe2 Rc8 15. Rfd1 Qd7 16. Nd5 e6 17. Nc3 Rfd8 18. Bf4 Qe7 19. Nb5 e5 20. Be3 Ne6 21. Qd2 Bf8 22. Nc3 f6 23. Nd5 Qf7 24. a3 g5 25. b4 Ne7 26. Nh2 h5 27. Nf1 Nf4 28. Ng3 h4 29. Nf1 Neg6 30. Nh2 b5 31. Ng4 Bg7 32. Kh2 bxc4 33. Ndxf6+ Bxf6 34. Nh6+ Kg7 35. Nxf7 Kxf7 36. Ba2 Bxe4 37. Bxc4+ d5 38. Ba6 Rxc1 39. Qxc1 Rd7 40. Bc8 Re7 41. Qc6 Bxg2 42. Bc5 d4 43. Qd6 Re8 44. Qd7+ Be7 45. Qf5+ Kg7 46. Bxe7 Rxe7 47. Qxg5 Bf3 48. Rg1 Rf7 49. Qxe5+ Rf6 50. Qe7+ Rf7 0-1


[Site "https://www.chess.com"]

[Event "Titled Tuesday Blitz November 14 Early 2023"]
[White "Makaraci, Tunahan"]
[Black "JuniorJumper"]
[WhiteFideId "6356559"]
[WhiteElo "2466"]
[BlackElo "2595"]
[Result "1-0"]
[Round "6"]
[TimeControl "180+1"]
[Date "2023.11.14"]
[WhiteClock "0:00:08"]
[BlackClock "0:00:04"]
[Board "107"]

1. e4 b6 2. d4 Bb7 3. Bd3 e6 4. Be3 Nf6 5. Nd2 c5 6. c3 Be7 7. Ne2 O-O 8. h3 d6 9. O-O Nbd7 10. Ng3 Rc8 11. Rc1 cxd4 12. cxd4 Rxc1 13. Qxc1 Qc8 14. Qb1 Ba6 15. Nf3 d5 16. e5 Bxd3 17. Qxd3 Ne8 18. Rc1 Qb7 19. Bg5 f6 20. exf6 Nexf6 21. Qe2 h6 22. Qxe6+ Rf7 23. Bxf6 Bxf6 24. Nf5 Nf8 25. Qe8 Qd7 26. Qxd7 Rxd7 27. Rc8 Kf7 28. Ne3 Ne6 29. Nf5 g6 30. Nxh6+ Kg7 31. Ng4 Nxd4 32. Rg8+ Kf7 33. Nge5+ Kxg8 34. Nxd7 Nxf3+ 35. gxf3 Bxb2 36. Kf1 Kf7 37. Nb8 Ke6 38. Nc6 a5 39. Na7 Kd6 40. Ke2 Kc5 41. Nc8 Bf6 42. Kd3 b5 43. f4 b4 44. Na7 a4 45. Nc8 b3 46. axb3 axb3 47. Na7 b2 48. Kc2 Kb6 49. Nc8+ Kc7 50. Na7 Kb6 51. Nc8+ Kc5 52. Na7 Kc4 53. Nc6 d4 54. Ne5+ Bxe5 55. fxe5 Kd5 56. f4 g5 57. fxg5 Kxe5 58. Kxb2 Kf5 59. h4 Kg6 60. Kc2 Kh5 61. Kd3 Kxh4 62. g6 Kg5 63. g7 Kf6 64. g8=Q Ke5 65. Qg5+ Kd6 66. Kxd4 Kd7 67. Qf6 Kc7 68. Kc5 Kd7 69. Qf7+ Kd8 70. Kc6 Kc8 71. Qf8# 1-0


[Site "https://www.chess.com"]

[Event "Titled Tuesday Blitz November 14 Early 2023"]
[White "Kashtanov, Ruslan"]
[Black "Manukyan, Sargis A."]
[WhiteFideId "4124871"]
[BlackFideId "13303970"]
[WhiteElo "2452"]
[BlackElo "2594"]
[Result "0-1"]
[Round "6"]
[TimeControl "180+1"]
[Date "2023.11.14"]
[WhiteClock "0:00:23"]
[BlackClock "0:00:39"]
[Board "108"]

1. d4 d5 2. c4 e6 3. Nf3 Nf6 4. g3 Be7 5. Bg2 O-O 6. O-O dxc4 7. Qa4 a6 8. Qxc4 b5 9. Qc2 Bb7 10. Bd2 Be4 11. Qc1 Nc6 12. e3 b4 13. b3 Qd5 14. Ne1 Bxg2 15. Nxg2 e5 16. dxe5 Nxe5 17. Ne1 c5 18. Qc2 Qe6 19. a3 Qh3 20. f3 Rfd8 21. e4 c4 22. axb4 a5 23. bxc4 axb4 24. Rxa8 Bc5+ 25. Rf2 Rxa8 26. Bf4 b3 27. Qxb3 Bxf2+ 28. Kxf2 Qxh2+ 29. Ng2 Ng6 30. Be3 Nh5 31. Bd2 Qxg3+ 32. Kf1 Rb8 33. Bb4 Ngf4 34. Nxf4 Nxf4 35. Qb2 Rxb4 0-1


[Site "https://www.chess.com"]

[Event "Titled Tuesday Blitz November 14 Early 2023"]
[White "LangesNasenhaar"]
[Black "Tikhonov, Viacheslav"]
[BlackFideId "44196407"]
[WhiteElo "2448"]
[BlackElo "2591"]
[Result "0-1"]
[Round "6"]
[TimeControl "180+1"]
[Date "2023.11.14"]
[WhiteClock "0:00:39"]
[BlackClock "0:00:05"]
[Board "109"]

1. d4 Nf6 2. Nc3 d5 3. Bf4 g6 4. Nf3 Bg7 5. Nb5 Na6 6. e3 O-O 7. h3 c6 8. Nc3 Nc7 9. Be2 Nce8 10. Ne5 Nd6 11. O-O Nfe4 12. Nxe4 Nxe4 13. c4 Be6 14. Qc2 Rc8 15. Rfd1 g5 16. Bh2 f5 17. f3 Nd6 18. Qb3 dxc4 19. Qc2 b5 20. a4 a6 21. e4 f4 22. Kh1 Nf7 23. Nxc6 Rxc6 24. d5 Rd6 25. dxe6 Ne5 26. axb5 axb5 27. b3 Nd3 28. bxc4 Nf2+ 29. Kg1 Nxd1 30. Rxd1 Rxd1+ 31. Bxd1 Qd4+ 32. Kh1 Rd8 33. Be2 Qa1+ 34. Bg1 Bd4 35. Qd1 Qxd1 36. Bxd1 Bxg1 37. Be2 Bf2 38. g3 fxg3 39. cxb5 Rd2 40. Bc4 Rb2 41. f4 Kg7 42. f5 Kf6 43. Kg2 h5 44. Kf3 h4 45. Kg4 g2 46. e5+ Kxe5 47. Kxg5 g1=Q+ 0-1


[Site "https://www.chess.com"]

[Event "Titled Tuesday Blitz November 14 Early 2023"]
[White "Remolar Gallen, Jose"]
[Black "Nasir, Zehn"]
[WhiteFideId "2215187"]
[BlackFideId "2613239"]
[WhiteElo "2446"]
[BlackElo "2580"]
[Result "1-0"]
[Round "6"]
[TimeControl "180+1"]
[Date "2023.11.14"]
[WhiteClock "0:00:14"]
[BlackClock "0:00:06"]
[Board "110"]

1. d4 Nf6 2. c4 c5 3. d5 e6 4. Nc3 exd5 5. cxd5 d6 6. e4 a6 7. f4 g6 8. Nf3 Bg7 9. Bd3 O-O 10. a4 Re8 11. O-O Bg4 12. h3 Bxf3 13. Qxf3 Nbd7 14. Bd2 Qc7 15. Rae1 c4 16. Bb1 Nc5 17. Be3 Nfd7 18. Qg3 Qb6 19. Qf2 Qb4 20. e5 dxe5 21. fxe5 Kh8 22. Bd4 Nd3 23. Bxd3 cxd3 24. Re4 Qe7 25. e6 f5 26. exd7 fxe4 27. dxe8=Q+ Rxe8 28. Bxg7+ Kxg7 29. Qd4+ Kg8 30. d6 Qe6 31. d7 Rd8 32. Nxe4 d2 33. Nf6+ Kg7 34. Ng4+ Kg8 35. Nh6# 1-0


[Site "https://www.chess.com"]

[Event "Titled Tuesday Blitz November 14 Early 2023"]
[White "Silva Lucena, Cristian"]
[Black "aghasiyevkamal"]
[WhiteFideId "2232588"]
[WhiteElo "2546"]
[BlackElo "2568"]
[Result "0-1"]
[Round "6"]
[TimeControl "180+1"]
[Date "2023.11.14"]
[WhiteClock "0:02:06"]
[BlackClock "0:01:29"]
[Board "111"]

1. e4 e6 2. d4 d5 3. e5 c5 4. c3 Nc6 5. Nf3 Bd7 6. Be2 Rc8 7. O-O a6 8. a3 cxd4 9. cxd4 Nge7 10. b4 Nf5 11. Bb2 Qb6 12. Re1 Be7 13. h3 h5 14. Kh1 g5 15. Nc3 g4 16. Na4 Qa7 17. Ng1 Ncxd4 18. Bf1 Nc2 19. Nc5 Bxc5 20. Qxc2 Bxf2 0-1


[Site "https://www.chess.com"]

[Event "Titled Tuesday Blitz November 14 Early 2023"]
[White "Jarocka, Liwia"]
[Black "Lund, Gunnar"]
[WhiteFideId "21807558"]
[BlackFideId "1520814"]
[WhiteElo "2370"]
[BlackElo "2557"]
[Result "0-1"]
[Round "6"]
[TimeControl "180+1"]
[Date "2023.11.14"]
[WhiteClock "0:00:02"]
[BlackClock "0:00:04"]
[Board "112"]

1. e4 e6 2. d4 d5 3. Nd2 dxe4 4. Nxe4 Nd7 5. Nf3 Ngf6 6. Nxf6+ Nxf6 7. Be3 Be7 8. Bd3 O-O 9. O-O b6 10. Ne5 Bb7 11. c3 Qc8 12. Qc2 c5 13. Rad1 Qc7 14. Rfe1 Rad8 15. Qb1 Qb8 16. f3 cxd4 17. Bxd4 Qc7 18. Kh1 Bc5 19. Ng4 Bxd4 20. cxd4 Nxg4 21. fxg4 Kh8 22. Bxh7 Qf4 23. Be4 Bd5 24. h3 Rd7 25. Bxd5 Rxd5 26. Re4 Qf2 27. Qd3 Qxb2 28. g5 g6 29. Qf3 Rf5 30. Qg3 Qf2 31. Qd6 Kg7 32. Ree1 Rxg5 33. Rg1 Rd5 34. Qe7 a5 35. Qc7 Qxa2 36. Qxb6 a4 37. Qa7 Rfd8 38. Rgf1 R8d7 39. Qb8 a3 40. Qf4 Qe2 41. Qf6+ Kg8 42. Rde1 Qa6 43. Rf4 Rh5 44. Rg4 Kh7 45. Re5 Rh6 46. Rh4 Rxh4 47. Qxh4+ Kg7 48. Qf4 a2 49. Kh2 a1=Q 50. Rxe6 fxe6 51. Qe5+ Kf7 52. Qh8 Qxd4 53. Qh7+ Kf6 0-1


[Site "https://www.chess.com"]

[Event "Titled Tuesday Blitz November 14 Early 2023"]
[White "Alinasab, Mobina"]
[Black "Bommini Mounika Akshaya"]
[WhiteFideId "12528897"]
[BlackFideId "25019872"]
[WhiteElo "2549"]
[BlackElo "2296"]
[Result "0-1"]
[Round "6"]
[TimeControl "180+1"]
[Date "2023.11.14"]
[WhiteClock "0:00:00"]
[BlackClock "0:00:33"]
[Board "113"]

1. e4 Nc6 2. Nf3 d6 3. d4 Nf6 4. Nc3 Bg4 5. Be2 e5 6. d5 Ne7 7. h3 Bd7 8. Bg5 Ng6 9. Nh4 Be7 10. Nxg6 fxg6 11. Bxf6 gxf6 12. Bg4 O-O 13. Bxd7 Qxd7 14. O-O f5 15. exf5 Qxf5 16. Qe2 Rf7 17. Ne4 Raf8 18. c4 Qd7 19. Qg4 Qxg4 20. hxg4 Rf4 21. f3 Kg7 22. Rac1 h5 23. gxh5 gxh5 24. c5 R8f7 25. cxd6 Bxd6 26. Ng5 R7f5 27. Ne6+ Kf6 0-1


[Site "https://www.chess.com"]

[Event "Titled Tuesday Blitz November 14 Early 2023"]
[White "Suduvasachmatai"]
[Black "Cheer_Down"]
[WhiteElo "2203"]
[BlackElo "2403"]
[Result "1-0"]
[Round "6"]
[TimeControl "180+1"]
[Date "2023.11.14"]
[WhiteClock "0:01:46"]
[BlackClock "0:00:00"]
[Board "114"]

1. e4 e5 2. Nf3 Nc6 3. c3 d5 4. Qa4 f6 5. Bb5 Ne7 6. O-O dxe4 7. Qxe4 Bf5 8. Bxc6+ bxc6 9. Qa4 Bd3 10. Re1 Qd7 11. Na3 Ng6 12. Nc4 Bc5 13. b4 Bb6 14. Qb3 Nf4 15. Nfxe5 fxe5 16. Nxe5 Qe6 17. Nxd3 Ne2+ 18. Kf1 1-0


[Site "https://www.chess.com"]

[Event "Titled Tuesday Blitz November 14 Early 2023"]
[White "Weetik, Vjacheslav"]
[Black "ATM622"]
[WhiteFideId "4153472"]
[WhiteElo "2805"]
[BlackElo "2433"]
[Result "1-0"]
[Round "6"]
[TimeControl "180+1"]
[Date "2023.11.14"]
[WhiteClock "0:02:33"]
[BlackClock "0:01:58"]
[Board "115"]

1. b4 e6 2. Bb2 d5 3. a3 Nf6 4. e3 Be7 5. c4 O-O 6. Nf3 c5 7. bxc5 Bxc5 8. Qc2 Nc6 9. cxd5 Qxd5 10. Nc3 Qh5 11. Be2 e5 12. Nb5 Bd6 13. Nxd6 1-0


[Site "https://www.chess.com"]

[Event "Titled Tuesday Blitz November 14 Early 2023"]
[White "LiadCuba"]
[Black "Lukovic, Vladimir"]
[BlackFideId "942952"]
[WhiteElo "2433"]
[BlackElo "2686"]
[Result "1-0"]
[Round "6"]
[TimeControl "180+1"]
[Date "2023.11.14"]
[WhiteClock "0:00:27"]
[BlackClock "0:01:25"]
[Board "116"]

1. d4 Nf6 2. c4 c6 3. Nc3 d5 4. cxd5 Nxd5 5. e4 Nxc3 6. bxc3 g6 7. Bc4 Bg7 8. Ne2 O-O 9. O-O b5 10. Bb3 a5 11. a3 Nd7 12. Ng3 e5 13. Be3 Bb7 14. Qd2 Nb6 15. Bg5 Qc7 16. h4 c5 17. d5 c4 18. Bc2 Nc8 19. Bh6 Nd6 20. h5 Qe7 21. Rae1 Rae8 22. Bxg7 Kxg7 23. f4 exf4 24. Rxf4 Qe5 25. Ref1 Bc8 26. Rf6 Re7 27. hxg6 hxg6 28. Qd4 Rd8 29. R1f3 Ne8 30. Rxf7+ Kg8 31. Rf8+ Kg7 32. R3f7+ Rxf7 33. Rxf7+ Kxf7 34. Qxe5 1-0


[Site "https://www.chess.com"]

[Event "Titled Tuesday Blitz November 14 Early 2023"]
[White "Wu, Derek"]
[Black "Spalir, Jernej"]
[WhiteFideId "30914558"]
[BlackFideId "14606518"]
[WhiteElo "2669"]
[BlackElo "2433"]
[Result "0-1"]
[Round "6"]
[TimeControl "180+1"]
[Date "2023.11.14"]
[WhiteClock "0:00:01"]
[BlackClock "0:00:06"]
[Board "117"]

1. d4 d5 2. Nc3 Nf6 3. Bf4 g6 4. e3 Bg7 5. h4 h5 6. Nf3 Bg4 7. Qd2 c5 8. Ne5 Be6 9. dxc5 O-O 10. O-O-O Qa5 11. Qd4 Ng4 12. Nxd5 Nd7 13. Nxe7+ Kh7 14. Bc4 Ndxe5 15. Bxe6 fxe6 16. Kb1 Nc6 17. Qd7 Nxe7 18. Qxe7 Rae8 19. Qxb7 e5 20. Bg3 Rb8 21. Qe7 Qc3 22. b3 a5 23. Rd3 Qb4 24. Rd7 Rg8 25. f3 Rbe8 26. Qf7 Nxe3 27. Rd6 Rgf8 28. Qxg6+ Kg8 29. Rd7 Nf5 30. Rhd1 Qxc5 31. Be1 Rc8 32. c4 Qc6 33. Qxh5 Qf6 34. Qg4 e4 35. Qxe4 Qb2# 0-1


[Site "https://www.chess.com"]

[Event "Titled Tuesday Blitz November 14 Early 2023"]
[White "Gubajdullin, Alexei"]
[Black "Foisor, Sabina-Francesca"]
[WhiteFideId "4141202"]
[BlackFideId "1212915"]
[WhiteElo "2648"]
[BlackElo "2429"]
[Result "0-1"]
[Round "6"]
[TimeControl "180+1"]
[Date "2023.11.14"]
[WhiteClock "0:00:02"]
[BlackClock "0:00:12"]
[Board "118"]

1. d4 d5 2. Nf3 Nf6 3. Bf4 e6 4. e3 Bd6 5. Bg3 O-O 6. Nbd2 c5 7. c3 b6 8. Bd3 Ba6 9. Bxa6 Nxa6 10. Ne5 Rc8 11. O-O Nb8 12. a4 Nc6 13. Nxc6 Rxc6 14. a5 b5 15. Bxd6 Qxd6 16. Nb3 cxd4 17. exd4 b4 18. Nc5 bxc3 19. bxc3 Nd7 20. Nxd7 Qxd7 21. Qb3 Qc7 22. Rfc1 h6 23. g3 Rc8 24. Ra3 Rb8 25. Qa2 Qb7 26. a6 Qb2 27. Rc2 Qxa2 28. Rcxa2 Kf8 29. Kf1 Ke7 30. Ke2 Kd6 31. Kd3 f6 32. f4 g5 33. Rf2 gxf4 34. Rxf4 Ke7 35. Rh4 e5 36. Rxh6 e4+ 37. Ke3 Rf8 38. Rh7+ Rf7 39. Rh8 Ke6 40. Re8+ Kf5 41. Rd8 Ke6 42. Kf4 Rfc7 43. Ra5 Rd6 44. Rxd6+ Kxd6 45. Ra3 Ke6 46. h4 f5 47. g4 fxg4 48. Kxg4 Rg7+ 49. Kh3 Kf5 50. Rb3 e3 51. Rb7 e2 52. Rb1 Ke4 53. h5 Kd3 54. Kh4 Kxc3 55. h6 Rg8 56. Kh5 Kxd4 57. h7 Rh8 58. Kg6 Ke3 59. Rb3+ Kf2 60. Rb2 d4 61. Kg7 Rxh7+ 62. Kxh7 Kf1 63. Rb7 e1=Q 64. Rxa7 Qe4+ 65. Kg7 Qe5+ 66. Kf7 Qd5+ 67. Kg7 d3 68. Rf7+ Ke2 69. Re7+ Kd1 70. a7 d2 71. Re8 Qb7+ 72. Kf6 Qxa7 73. Kf5 Qc5+ 74. Kf4 Kc2 75. Re2 Kc1 76. Rxd2 Kxd2 77. Ke4 Qe3+ 78. Kd5 Kd3 79. Kd6 Qe4 80. Kc5 Qd4+ 81. Kb5 Qc4+ 0-1


[Site "https://www.chess.com"]

[Event "Titled Tuesday Blitz November 14 Early 2023"]
[White "Khater, Sherif"]
[Black "Yeritsyan, Hayk"]
[WhiteFideId "2034280"]
[BlackFideId "13307320"]
[WhiteElo "2630"]
[BlackElo "2428"]
[Result "1/2-1/2"]
[Round "6"]
[TimeControl "180+1"]
[Date "2023.11.14"]
[WhiteClock "0:00:25"]
[BlackClock "0:01:35"]
[Board "119"]

1. d4 Nf6 2. Bg5 e6 3. e4 d5 4. e5 h6 5. Be3 Nfd7 6. c3 c5 7. f4 Nc6 8. Nf3 cxd4 9. cxd4 Nb6 10. Nc3 Bd7 11. Qd2 Rc8 12. Bd3 Nb4 13. O-O Nxd3 14. Qxd3 a6 15. Kh1 g6 16. h3 Be7 17. Kh2 h5 18. Ng5 Bxg5 19. fxg5 O-O 20. Rf6 Nc4 21. Raf1 Be8 22. g4 Nxb2 23. Qc2 Na4 24. Bd2 Qa5 25. R1f3 Nxc3 26. Rxc3 Rxc3 27. Bxc3 Qa4 28. Qd2 hxg4 29. hxg4 Bb5 30. Qf2 Qd1 31. Bb4 Qxg4 32. Bxf8 Qh5+ 33. Kg1 Qxg5+ 34. Qg2 Qxg2+ 35. Kxg2 Kxf8 36. Kg3 Bd3 37. Rf2 Ke7 38. Kf4 b5 39. Ke3 Bc4 40. a3 a5 41. Rb2 Kf8 42. Kd2 Kg7 43. Kc3 g5 44. Rf2 Kg6 45. Rf6+ Kg7 46. Kd2 b4 47. axb4 axb4 48. Ke3 b3 49. Rf2 Kg6 50. Rf6+ Kg7 51. Rf2 Kg6 52. Kf3 Kf5 53. Ke3+ Kg6 1/2-1/2


[Site "https://www.chess.com"]

[Event "Titled Tuesday Blitz November 14 Early 2023"]
[White "Buchenau, Frank"]
[Black "Pastar, Slaven"]
[WhiteFideId "4604350"]
[BlackFideId "14402718"]
[WhiteElo "2427"]
[BlackElo "2629"]
[Result "0-1"]
[Round "6"]
[TimeControl "180+1"]
[Date "2023.11.14"]
[WhiteClock "0:00:12"]
[BlackClock "0:01:54"]
[Board "120"]

1. e4 b6 2. d4 Bb7 3. Bd3 Nf6 4. Qe2 e6 5. Nf3 d5 6. exd5 Qxd5 7. c4 Qh5 8. d5 Bb4+ 9. Bd2 Bxd2+ 10. Nbxd2 O-O 11. dxe6 Re8 12. O-O Rxe6 13. Qd1 Nbd7 14. Qc2 Rd8 15. Rfe1 Rd6 16. Ne4 Nxe4 17. Bxe4 Bxe4 18. Rxe4 Nc5 19. Re5 Qg6 20. Qxg6 hxg6 21. Re7 Ne6 22. Re1 Kf8 0-1


[Site "https://www.chess.com"]

[Event "Titled Tuesday Blitz November 14 Early 2023"]
[White "PoXerStar"]
[Black "Kleiman, Jake"]
[BlackFideId "2020041"]
[WhiteElo "2426"]
[BlackElo "2626"]
[Result "1-0"]
[Round "6"]
[TimeControl "180+1"]
[Date "2023.11.14"]
[WhiteClock "0:00:12"]
[BlackClock "0:00:20"]
[Board "121"]

1. d4 d5 2. c4 c6 3. cxd5 cxd5 4. Nc3 Nc6 5. Bf4 Nf6 6. e3 a6 7. Bd3 Bg4 8. f3 Bh5 9. Nge2 e6 10. Rc1 Bd6 11. O-O O-O 12. Na4 Rc8 13. Nc5 Bxf4 14. Nxf4 Qe7 15. Nxh5 Nxh5 16. f4 Nf6 17. Qd2 Nb8 18. Rc2 Rc7 19. Rfc1 Nbd7 20. Nxd7 Rxd7 21. Qa5 g6 22. b4 Rfd8 23. b5 axb5 24. Bxb5 Rd6 25. Rc7 Qf8 26. Rxb7 Qh6 27. Be2 g5 28. Rf1 Ne4 29. Bd3 Qg6 30. fxg5 Qxg5 31. Bxe4 Qxe3+ 32. Kh1 Qxe4 33. Rbxf7 Qg6 34. Qc7 Qh5 35. Qe7 Qg6 36. Rf8+ 1-0


[Site "https://www.chess.com"]

[Event "Titled Tuesday Blitz November 14 Early 2023"]
[White "Bodnaruk, Anastasia"]
[Black "Suspenser17"]
[WhiteFideId "4181751"]
[WhiteElo "2623"]
[BlackElo "2423"]
[Result "1-0"]
[Round "6"]
[TimeControl "180+1"]
[Date "2023.11.14"]
[WhiteClock "0:01:38"]
[BlackClock "0:00:08"]
[Board "122"]

1. e4 e5 2. Nf3 Nc6 3. Bc4 Nf6 4. d3 Bc5 5. O-O d6 6. c3 a6 7. Bb3 Ba7 8. Re1 h6 9. h3 g5 10. Nh2 Qe7 11. Bd2 Bd7 12. Na3 O-O-O 13. Nc4 Rdg8 14. Ne3 h5 15. g3 Bxh3 16. Nd5 Nxd5 17. exd5 Nb8 18. d4 Qf6 19. Be3 e4 20. c4 g4 21. c5 h4 22. Rc1 hxg3 23. fxg3 dxc5 24. dxc5 Qg6 25. Qd2 Nd7 26. c6 Bxe3+ 27. Qxe3 Nb6 28. cxb7+ Kxb7 29. Rc6 Qh5 30. Rec1 Bg2 31. Rxc7+ Ka8 32. Qxb6 Qxh2+ 33. Kf2 e3+ 34. Kxe3 Qxg3+ 35. Kd2 Qf4+ 36. Qe3 Qb4+ 37. R1c3 Qb8 38. Qd3 Qb5 39. Qd4 Qb8 40. R3c6 Bf1 41. Qa4 Bb5 42. Rxa6+ 1-0


[Site "https://www.chess.com"]

[Event "Titled Tuesday Blitz November 14 Early 2023"]
[White "Osinovsky, Stepan"]
[Black "Jaskolka, Tomasz"]
[WhiteFideId "4157354"]
[BlackFideId "1170791"]
[WhiteElo "2423"]
[BlackElo "2565"]
[Result "1-0"]
[Round "6"]
[TimeControl "180+1"]
[Date "2023.11.14"]
[WhiteClock "0:00:13"]
[BlackClock "0:00:01"]
[Board "123"]

1. e4 c5 2. Nf3 e6 3. d3 d5 4. Nbd2 Nc6 5. g3 g6 6. Bg2 Bg7 7. O-O Nge7 8. exd5 exd5 9. Re1 O-O 10. c3 Bf5 11. Nf1 Qd7 12. Bf4 b6 13. Qd2 Bh3 14. Bh1 Rfe8 15. Bh6 Bg4 16. Bxg7 Kxg7 17. Ne3 Rad8 18. Nxg4 Qxg4 19. Ne5 Nxe5 20. Rxe5 Nc6 21. Rxe8 Rxe8 22. Bxd5 Re2 23. Qd1 Ne7 24. Kf1 Nxd5 25. Qxe2 Qh3+ 26. Kg1 Nf6 27. Qf1 Qf5 28. Re1 h5 29. h4 Ng4 30. Qe2 Qd5 31. a3 a5 32. Qe4 Qd7 33. Re2 Qb5 34. f3 Nf6 35. Qe5 Qxd3 36. Kg2 Qb1 37. g4 hxg4 38. fxg4 Qd1 39. g5 Kh7 40. gxf6 Kh6 41. Qe3+ Kh7 42. Qf2 Qd5+ 43. Qf3 Qd1 44. Rf2 Qc1 45. Qg3 Qd1 46. Kh2 Qe1 47. Rg2 Qe4 48. h5 Qd5 49. hxg6+ Kh8 50. g7+ 1-0


[Site "https://www.chess.com"]

[Event "Titled Tuesday Blitz November 14 Early 2023"]
[White "Herman, Daniel"]
[Black "Lymar, Vladislav"]
[WhiteFideId "30935008"]
[BlackFideId "14162180"]
[WhiteElo "2417"]
[BlackElo "2563"]
[Result "0-1"]
[Round "6"]
[TimeControl "180+1"]
[Date "2023.11.14"]
[WhiteClock "0:00:04"]
[BlackClock "0:00:15"]
[Board "124"]

1. Nf3 d6 2. d4 Nf6 3. c4 Nbd7 4. Nc3 e5 5. e4 Be7 6. Be2 O-O 7. O-O c6 8. Be3 Qe8 9. d5 Ng4 10. Bd2 Bd8 11. h3 Ngf6 12. Be3 Qe7 13. b4 Bb6 14. Bxb6 axb6 15. a4 Nh5 16. g3 c5 17. Rb1 g6 18. Kh2 f5 19. exf5 gxf5 20. Nh4 Nf4 21. Bf3 e4 22. Bg2 Nxg2 23. Nxg2 Ne5 24. Qe2 Nf3+ 25. Kh1 Qg7 26. Nf4 Qxc3 27. bxc5 bxc5 28. Rb6 Qf6 29. g4 Qh6 30. Nh5 fxg4 31. hxg4 Bxg4 32. Kg2 Nh4+ 33. Kg3 Bxe2 34. Kxh4 Qxh5+ 0-1


[Site "https://www.chess.com"]

[Event "Titled Tuesday Blitz November 14 Early 2023"]
[White "Sharapov, Evgeny"]
[Black "ChessLebaneseSalah"]
[WhiteFideId "14103133"]
[WhiteElo "2558"]
[BlackElo "2409"]
[Result "1/2-1/2"]
[Round "6"]
[TimeControl "180+1"]
[Date "2023.11.14"]
[WhiteClock "0:01:29"]
[BlackClock "0:00:20"]
[Board "125"]

1. c4 c6 2. Nc3 d5 3. cxd5 cxd5 4. d4 Nf6 5. Nf3 Nc6 6. Bf4 a6 7. Rc1 e6 8. e3 Bd6 9. Bxd6 Qxd6 10. Bd3 O-O 11. O-O Bd7 12. a3 Rfc8 13. b4 a5 14. b5 Ne7 15. Qb3 Rc7 16. Rc2 Rac8 17. Rfc1 b6 18. Ne5 Be8 19. f4 Nf5 20. Bxf5 exf5 21. g3 g6 22. h4 Ne4 23. Nxe4 fxe4 24. Rxc7 Rxc7 25. Rxc7 Qxc7 26. Qb2 h5 27. Nc6 Qd6 28. Qc3 Kf8 29. a4 Bd7 30. Ne5 Be8 31. Qc8 Ke7 32. Nc6+ Bxc6 33. bxc6 Qa3 34. Qd7+ Kf8 35. c7 Qxe3+ 36. Kg2 Qe2+ 37. Kh3 Qf1+ 38. Kh2 Qf2+ 39. Kh1 Qf1+ 40. Kh2 Qf2+ 41. Kh1 Qf1+ 42. Kh2 1/2-1/2


[Site "https://www.chess.com"]